[ AOE2 MATCH · #482947008 ]
UnrankedBengalis vs Turks
[ REPLAY ANALYSIS · EXTRACTED FROM THE RECORDED GAME ]
Feudal
12:07
Castle
16:23
Imperial
38:19
| APM avg | 48.9 |
| APM peak | 93 |
| eAPM avg | 27.9 |
| Villagers / military | 146 / 135 |
Focus
⚔️ 27.0% · 🌾 73.0%
Elephant Archer ×100 · Trade Cart ×19 · Ratha (Ranged) ×10 · Trebuchet (Packed) ×7 · Archer ×5 · Petard ×5
Feudal
—
Castle
—
Imperial
—
| APM avg | 26.9 |
| APM peak | 277 |
| eAPM avg | 24.3 |
| Villagers / military | 148 / 551 |
Focus
⚔️ 27.0% · 🌾 73.0%
Scout Cavalry ×373 · Hand Cannoneer ×95 · Janissary ×61 · Bombard Cannon ×17 · Trade Cart ×12 · Battering Ram ×4
Feudal
10:55
Castle
14:07
Imperial
30:50
| APM avg | 33.8 |
| APM peak | 64 |
| eAPM avg | 25.3 |
| Villagers / military | 176 / 481 |
Focus
⚔️ 29.5% · 🌾 70.5%
Scout Cavalry ×304 · Ballista Elephant ×142 · Trebuchet (Packed) ×26 · Trade Cart ×18 · Monk ×7 · Knight ×2
Feudal
11:44
Castle
17:32
Imperial
29:04
| APM avg | 24.5 |
| APM peak | 69 |
| eAPM avg | 11.4 |
| Villagers / military | 84 / 216 |
Focus
⚔️ 30.8% · 🌾 69.2%
Ballista Elephant ×110 · Scout Cavalry ×105 · Trade Cart ×16 · Monk ×1
Feudal
12:06
Castle
17:18
Imperial
30:16
| APM avg | 20.3 |
| APM peak | 61 |
| eAPM avg | 12.6 |
| Villagers / military | 109 / 386 |
Focus
⚔️ 37.8% · 🌾 62.2%
Spearman ×333 · Battering Ram ×28 · Gbeto ×16 · Trade Cart ×10 · Trebuchet (Packed) ×4 · Scorpion ×3
Feudal
12:15
Castle
16:15
Imperial
28:58
| APM avg | 35.7 |
| APM peak | 71 |
| eAPM avg | 20.1 |
| Villagers / military | 207 / 331 |
Focus
⚔️ 34.4% · 🌾 65.6%
Knight ×186 · Scout Cavalry ×103 · Throwing Axeman ×39 · Trebuchet (Packed) ×2 · Mangonel ×1
Feudal
12:11
Castle
18:38
Imperial
40:52
| APM avg | 23.2 |
| APM peak | 68 |
| eAPM avg | 15.2 |
| Villagers / military | 110 / 218 |
Focus
⚔️ 39.7% · 🌾 60.3%
Conquistador ×56 · Spearman ×50 · Mangonel ×41 · Scorpion ×32 · Skirmisher ×22 · Trade Cart ×8
Feudal
12:47
Castle
16:42
Imperial
27:06
| APM avg | 22.5 |
| APM peak | 57 |
| eAPM avg | 18.8 |
| Villagers / military | 211 / 499 |
Focus
⚔️ 35.6% · 🌾 64.4%
Skirmisher ×238 · Spearman ×160 · Unknown (882) ×108 · Genoese Crossbowman ×90 · Bombard Cannon ×7 · Trebuchet (Packed) ×4
Match map
Initial resources + every placement click. Lines = walls · curves = elevation contours. ◆ gold · ⬟ stone · ● berries · ✦ relic · ◌ wall gap
Your base· ✓ Closed at 16:23 · 0t walls · 2 gate(s)
GENERAL STORM's base· ✓ Closed at 12:42 · 0t walls · 2 gate(s)
_StuNNa_'s base· ✓ Closed at 14:07 · 0t walls · 3 gate(s)
Wchairgod's base· ✓ Closed at 17:32 · 0t walls · 3 gate(s)
Zukomazi's base· ✓ Closed at 17:18 · 1t walls · 2 gate(s)
cArLoS's base· ✓ Closed at 16:15 · 0t walls · 3 gate(s)
THE_LORD's base· ✓ Closed at 18:38 · 15t walls · 4 gate(s)
hghyarrof's base· ✓ Closed at 16:42 · 0t walls · 2 gate(s)
Smoothed initial terrain · ◌ = detected wall gap · hover for details
Inputs per minute
— Лагер - - GENERAL STORM
Build order — Лагер
First 150 of 417 actions detected
| 0:01 | Create | Villager (Male) |
| 0:01 | Create | Villager (Male) |
| 0:01 | Create | Villager (Male) |
| 0:02 | Create | Villager (Male) |
| 0:04 | Build | House |
| 0:05 | Build | House |
| 1:41 | Create | Villager (Male) |
| 1:41 | Create | Villager (Male) |
| 2:11 | Create | Villager (Male) |
| 2:11 | Create | Villager (Male) |
| 2:17 | Build | Lumber Camp |
| 2:46 | Create | Villager (Male) |
| 2:47 | Create | Villager (Male) |
| 3:03 | Create | Villager (Male) |
| 3:20 | Create | Villager (Male) |
| 3:21 | Create | Villager (Male) |
| 3:57 | Build | House |
| 4:06 | Create | Villager (Male) |
| 4:07 | Create | Villager (Male) |
| 4:19 | Create | Villager (Male) |
| 4:20 | Create | Villager (Male) |
| 4:20 | Create | Villager (Male) |
| 4:50 | Create | Villager (Male) |
| 4:50 | Create | Villager (Male) |
| 4:50 | Create | Villager (Male) |
| 5:08 | Create | Villager (Male) |
| 5:32 | Build | House |
| 5:36 | Build | Mill |
| 5:43 | Create | Villager (Male) |
| 5:44 | Create | Villager (Male) |
| 6:01 | Create | Villager (Male) |
| 6:01 | Create | Villager (Male) |
| 6:25 | Create | Villager (Male) |
| 7:27 | Create | Villager (Male) |
| 7:45 | Build | House |
| 8:21 | Create | Villager (Male) |
| 8:41 | Build | Lumber Camp |
| 8:43 | Create | Villager (Male) |
| 9:11 | Create | Villager (Male) |
| 9:27 | Build | Farm |
| 9:38 | Build | Farm |
| 9:43 | Research | Feudal Age |
| 10:17 | Build | Farm |
| 10:24 | Build | Farm |
| 10:45 | Build | House |
| 10:46 | Build | House |
| 10:47 | Build | House |
| 10:48 | Build | House |
| 10:54 | Create | Villager (Male) |
| 11:32 | Build | Farm |
| 11:38 | Build | Farm |
| 12:03 | Build | Mining Camp |
| 12:07 | Age | Feudal Age |
| 12:26 | Build | Blacksmith |
| 12:32 | Build | Market |
| 12:37 | Create | Villager (Male) |
| 12:41 | Research | Horse Collar |
| 12:44 | Research | Double-Bit Axe |
| 12:44 | Research | Double-Bit Axe |
| 12:46 | Create | Villager (Male) |
| 12:49 | Research | Wheelbarrow |
| 12:55 | Build | House |
| 13:12 | Build | Farm |
| 13:43 | Research | Castle Age |
| 13:44 | Research | Castle Age |
| 13:57 | Build | House |
| 13:58 | Build | House |
| 13:59 | Build | House |
| 14:00 | Build | House |
| 14:32 | Build | Farm |
| 15:12 | Create | Villager (Male) |
| 15:16 | Research | Wheelbarrow |
| 15:17 | Create | Villager (Male) |
| 15:21 | Research | Stone Mining |
| 15:54 | Research | Gold Mining |
| 16:00 | Build | House |
| 16:03 | Build | House |
| 16:04 | Build | House |
| 16:23 | Age | Castle Age |
| 16:26 | Build | Town Center |
| 16:34 | Build | Town Center |
| 17:02 | Build | Town Center |
| 17:25 | Research | Bow Saw |
| 17:25 | Research | Bow Saw |
| 17:31 | Build | House |
| 17:34 | Build | House |
| 17:50 | Create | Villager (Male) |
| 17:51 | Create | Villager (Male) |
| 17:52 | Create | Villager (Male) |
| 18:02 | Create | Villager (Male) |
| 18:05 | Create | Villager (Male) |
| 18:34 | Create | Villager (Male) |
| 18:35 | Create | Villager (Male) |
| 18:39 | Build | Farm |
| 18:48 | Build | Town Center |
| 18:54 | Create | Villager (Male) |
| 18:55 | Create | Villager (Male) |
| 19:23 | Research | Heavy Plow |
| 19:23 | Research | Heavy Plow |
| 19:27 | Create | Villager (Male) |
| 19:31 | Build | Farm |
| 19:34 | Build | Farm |
| 19:37 | Build | Farm |
| 19:41 | Build | Farm |
| 19:51 | Create | Villager (Male) |
| 19:52 | Create | Villager (Male) |
| 19:58 | Build | Mining Camp |
| 20:13 | Build | Farm |
| 20:15 | Build | Farm |
| 20:20 | Build | Farm |
| 20:22 | Build | Farm |
| 20:27 | Create | Villager (Male) |
| 20:28 | Create | Villager (Male) |
| 20:33 | Build | Farm |
| 20:35 | Create | Villager (Male) |
| 20:40 | Build | Farm |
| 20:50 | Build | Farm |
| 20:52 | Create | Villager (Male) |
| 20:57 | Build | Farm |
| 21:02 | Create | Villager (Male) |
| 21:05 | Create | Villager (Male) |
| 21:12 | Create | Villager (Male) |
| 21:18 | Build | Farm |
| 21:21 | Build | Farm |
| 21:28 | Create | Villager (Male) |
| 21:29 | Create | Villager (Male) |
| 21:31 | Create | Villager (Male) |
| 21:38 | Build | Farm |
| 21:45 | Build | Farm |
| 21:48 | Create | Villager (Male) |
| 21:49 | Create | Villager (Male) |
| 21:51 | Create | Villager (Male) |
| 21:55 | Create | Villager (Male) |
| 21:57 | Create | Villager (Male) |
| 22:13 | Create | Villager (Male) |
| 22:16 | Create | Villager (Male) |
| 22:21 | Build | Farm |
| 22:24 | Build | Farm |
| 22:30 | Create | Villager (Male) ×4 |
| 22:40 | Build | Farm |
| 22:44 | Build | Farm |
| 22:46 | Create | Villager (Male) |
| 22:52 | Build | Farm |
| 22:58 | Build | Farm |
| 23:00 | Create | Villager (Male) ×4 |
| 23:08 | Create | Villager (Male) ×2 |
| 23:12 | Research | Loom |
| 23:17 | Build | Farm |
| 23:19 | Build | Farm |
| 23:25 | Build | Farm |
Build order — GENERAL STORM
First 150 of 875 actions detected
| 0:01 | Create | Villager (Male) |
| 0:01 | Create | Villager (Male) |
| 0:02 | Create | Villager (Male) |
| 0:02 | Create | Villager (Male) |
| 0:02 | Create | Villager (Male) |
| 0:06 | Build | House |
| 0:32 | Build | House |
| 0:33 | Build | House |
| 0:35 | Build | House |
| 1:44 | Create | Villager (Male) |
| 2:16 | Create | Villager (Male) |
| 2:27 | Build | Lumber Camp |
| 2:42 | Create | Villager (Male) |
| 3:09 | Create | Villager (Male) |
| 3:18 | Create | Villager (Male) |
| 4:01 | Create | Villager (Male) |
| 4:26 | Create | Villager (Male) |
| 4:52 | Create | Villager (Male) |
| 4:53 | Create | Villager (Male) |
| 4:53 | Create | Villager (Male) |
| 5:10 | Create | Villager (Male) |
| 6:02 | Create | Villager (Male) |
| 6:14 | Create | Villager (Male) |
| 6:38 | Create | Villager (Male) |
| 6:38 | Create | Villager (Male) |
| 6:39 | Create | Villager (Male) |
| 6:39 | Create | Villager (Male) |
| 6:39 | Create | Villager (Male) |
| 6:56 | Build | House |
| 7:01 | Build | House |
| 7:10 | Create | Villager (Male) |
| 7:31 | Create | Villager (Male) |
| 7:40 | Build | Mill |
| 8:25 | Build | Mining Camp |
| 9:02 | Research | Feudal Age |
| 9:57 | Build | Farm |
| 9:58 | Build | Farm |
| 9:58 | Build | Farm |
| 10:30 | Build | Farm |
| 10:40 | Research | Loom |
| 10:41 | Research | Loom |
| 10:44 | Create | Villager (Male) |
| 10:44 | Create | Villager (Male) |
| 11:51 | Build | Blacksmith |
| 12:05 | Build | Market |
| 12:42 | Research | Castle Age |
| 13:25 | Research | Double-Bit Axe |
| 13:30 | Research | Horse Collar |
| 14:04 | Build | Lumber Camp |
| 15:24 | Build | House |
| 15:40 | Build | Town Center |
| 16:00 | Build | Town Center |
| 16:04 | Create | Villager (Male) |
| 16:04 | Create | Villager (Male) |
| 16:06 | Research | Loom |
| 16:06 | Create | Villager (Male) |
| 16:07 | Create | Villager (Male) |
| 16:12 | Build | Farm |
| 16:13 | Build | Farm |
| 16:13 | Build | Farm |
| 16:20 | Build | Farm |
| 16:21 | Build | Farm |
| 16:31 | Build | House |
| 16:39 | Build | House |
| 16:51 | Create | Villager (Male) |
| 16:51 | Create | Villager (Male) |
| 17:20 | Build | Farm |
| 17:22 | Create | Villager (Male) |
| 17:22 | Create | Villager (Male) |
| 17:49 | Create | Villager (Male) |
| 17:49 | Create | Villager (Male) |
| 17:56 | Build | Farm |
| 18:03 | Create | Villager (Male) |
| 18:04 | Create | Villager (Male) |
| 18:10 | Build | Farm |
| 18:16 | Research | Bow Saw |
| 18:24 | Create | Villager (Male) |
| 18:28 | Create | Villager (Male) |
| 18:29 | Create | Villager (Male) |
| 18:36 | Build | Farm |
| 18:46 | Build | Farm |
| 18:47 | Build | Farm |
| 18:56 | Create | Villager (Male) |
| 18:57 | Create | Villager (Male) |
| 18:57 | Create | Villager (Male) |
| 19:02 | Build | House |
| 19:09 | Build | Farm |
| 19:17 | Create | Villager (Male) |
| 19:24 | Create | Villager (Male) |
| 19:24 | Create | Villager (Male) |
| 19:35 | Build | Monastery |
| 19:37 | Create | Villager (Male) |
| 19:37 | Create | Villager (Male) |
| 19:46 | Build | Farm |
| 19:48 | Create | Villager (Male) |
| 19:58 | Build | Farm |
| 19:59 | Create | Villager (Male) |
| 20:00 | Create | Villager (Male) |
| 20:05 | Build | House |
| 20:09 | Build | Farm |
| 20:17 | Create | Villager (Male) |
| 20:37 | Create | Villager (Male) |
| 20:37 | Create | Villager (Male) |
| 20:39 | Create | Monk |
| 20:44 | Build | Farm |
| 20:45 | Build | Farm |
| 20:51 | Build | House |
| 20:52 | Build | House |
| 20:58 | Create | Villager (Male) |
| 20:59 | Create | Villager (Male) |
| 20:59 | Create | Villager (Male) |
| 21:03 | Build | House |
| 21:11 | Create | Villager (Male) |
| 21:34 | Build | Mining Camp |
| 21:48 | Create | Villager (Male) |
| 21:48 | Create | Villager (Male) |
| 21:48 | Create | Villager (Male) |
| 21:49 | Create | Villager (Male) |
| 22:10 | Build | Town Center |
| 22:11 | Create | Villager (Male) |
| 22:12 | Create | Villager (Male) |
| 22:12 | Create | Villager (Male) |
| 22:24 | Build | Farm |
| 22:25 | Build | Farm |
| 22:25 | Build | Farm |
| 22:26 | Build | Farm |
| 22:29 | Create | Villager (Male) |
| 22:29 | Create | Villager (Male) |
| 22:37 | Research | Heavy Plow |
| 22:43 | Build | Farm |
| 22:49 | Build | Farm |
| 22:50 | Build | Farm |
| 22:53 | Create | Villager (Male) |
| 22:53 | Create | Villager (Male) |
| 23:05 | Create | Villager (Male) |
| 23:07 | Create | Villager (Male) |
| 23:19 | Create | Villager (Male) |
| 23:29 | Build | Farm |
| 23:29 | Build | Farm |
| 23:30 | Build | Farm |
| 23:31 | Build | Farm |
| 23:32 | Build | Farm |
| 23:34 | Create | Villager (Male) |
| 23:36 | Create | Villager (Male) |
| 23:36 | Create | Villager (Male) |
| 24:01 | Create | Trade Cart |
| 24:01 | Create | Trade Cart |
| 24:05 | Create | Villager (Male) |
| 24:05 | Create | Villager (Male) |
| 24:09 | Build | Farm |
Build order — _StuNNa_
First 150 of 575 actions detected
| 0:00 | Create | Villager (Male) |
| 0:01 | Create | Villager (Male) |
| 0:01 | Create | Villager (Male) |
| 0:01 | Create | Villager (Male) |
| 0:01 | Create | Villager (Male) |
| 0:02 | Build | House |
| 0:04 | Build | House |
| 1:25 | Create | Villager (Male) |
| 1:44 | Build | Lumber Camp |
| 1:56 | Create | Villager (Male) |
| 2:11 | Create | Villager (Male) |
| 2:43 | Create | Villager (Male) |
| 3:10 | Create | Villager (Male) |
| 3:16 | Create | Villager (Male) |
| 3:39 | Create | Villager (Male) |
| 3:59 | Build | House |
| 4:11 | Create | Villager (Male) |
| 4:12 | Create | Villager (Male) |
| 4:56 | Create | Villager (Male) |
| 5:04 | Build | Mill |
| 5:05 | Create | Villager (Male) |
| 5:11 | Create | Villager (Male) |
| 5:13 | Create | Villager (Male) |
| 5:22 | Build | House |
| 6:14 | Create | Villager (Male) |
| 6:38 | Create | Villager (Male) |
| 6:54 | Create | Villager (Male) |
| 7:10 | Build | Mining Camp |
| 7:11 | Create | Villager (Male) |
| 7:41 | Build | House |
| 7:45 | Build | Farm |
| 7:53 | Build | Farm |
| 8:07 | Create | Villager (Male) |
| 8:25 | Research | Feudal Age |
| 8:38 | Build | House |
| 10:18 | Create | Villager (Male) |
| 10:55 | Age | Feudal Age |
| 11:28 | Research | Castle Age |
| 12:05 | Research | Double-Bit Axe |
| 12:17 | Research | Horse Collar |
| 12:53 | Build | Farm |
| 12:54 | Build | Farm |
| 12:55 | Build | Farm |
| 12:56 | Build | Farm |
| 12:58 | Build | Farm |
| 12:59 | Build | Farm |
| 13:41 | Create | Villager (Male) |
| 13:54 | Create | Villager (Male) |
| 14:07 | Age | Castle Age |
| 14:09 | Build | Town Center |
| 14:12 | Create | Villager (Male) |
| 14:28 | Build | Monastery |
| 14:31 | Create | Villager (Male) |
| 14:34 | Create | Villager (Male) |
| 15:04 | Create | Villager (Male) |
| 15:05 | Create | Monk |
| 15:17 | Create | Villager (Male) |
| 15:17 | Create | Villager (Male) |
| 15:17 | Create | Villager (Male) |
| 15:18 | Create | Villager (Male) |
| 15:20 | Create | Villager (Male) |
| 15:23 | Build | Farm |
| 15:25 | Build | Farm |
| 15:26 | Create | Villager (Male) |
| 15:42 | Build | Farm |
| 15:42 | Create | Villager (Male) |
| 15:52 | Create | Monk |
| 16:08 | Create | Villager (Male) |
| 16:10 | Build | Farm |
| 16:18 | Research | Bow Saw |
| 16:38 | Build | House |
| 16:39 | Build | House |
| 16:40 | Build | House |
| 16:41 | Create | Villager (Male) |
| 16:48 | Create | Monk |
| 17:11 | Build | House |
| 17:11 | Build | House |
| 17:12 | Create | Villager (Male) |
| 17:37 | Create | Villager (Male) |
| 17:40 | Build | Farm |
| 17:41 | Build | Farm |
| 17:45 | Build | Farm |
| 17:51 | Build | Farm |
| 17:55 | Build | Farm |
| 17:56 | Create | Villager (Male) |
| 18:07 | Create | Villager (Male) |
| 18:08 | Create | Villager (Male) |
| 18:08 | Create | Villager (Male) |
| 18:11 | Build | Farm |
| 18:17 | Build | House |
| 18:17 | Build | House |
| 18:18 | Create | Villager (Male) |
| 18:20 | Build | Farm |
| 18:33 | Research | Heavy Plow |
| 18:33 | Create | Villager (Male) |
| 18:41 | Create | Villager (Male) |
| 18:43 | Create | Villager (Male) |
| 18:52 | Build | House |
| 18:52 | Build | House |
| 18:53 | Build | House |
| 18:54 | Create | Villager (Male) |
| 18:57 | Create | Villager (Male) |
| 19:09 | Create | Villager (Male) |
| 19:14 | Create | Villager (Male) |
| 19:26 | Create | Villager (Male) |
| 19:31 | Build | Barracks |
| 19:36 | Build | Stable |
| 19:37 | Create | Villager (Male) |
| 19:40 | Research | Gold Mining |
| 19:41 | Research | Stone Mining |
| 19:44 | Build | Farm |
| 20:02 | Build | Town Center |
| 20:05 | Create | Villager (Male) |
| 20:05 | Create | Villager (Male) |
| 20:11 | Research | Loom |
| 20:11 | Research | Wheelbarrow |
| 20:25 | Research | Stone Mining |
| 20:37 | Create | Villager (Male) |
| 20:47 | Create | Knight |
| 20:49 | Create | Villager (Male) |
| 20:52 | Create | Villager (Male) |
| 20:58 | Build | Farm |
| 21:03 | Build | Farm |
| 21:05 | Build | House |
| 21:06 | Build | House |
| 21:06 | Build | House |
| 21:07 | Build | House |
| 21:07 | Build | House |
| 21:08 | Create | Villager (Male) |
| 21:12 | Create | Villager (Male) |
| 21:17 | Research | Stone Shaft Mining |
| 21:18 | Create | Villager (Male) |
| 21:39 | Create | Knight |
| 21:42 | Create | Villager (Male) |
| 21:44 | Build | Farm |
| 21:46 | Build | Farm |
| 21:48 | Create | Villager (Male) |
| 21:48 | Create | Villager (Male) |
| 21:59 | Create | Villager (Male) |
| 22:04 | Create | Villager (Male) |
| 22:06 | Create | Villager (Male) |
| 22:08 | Build | Farm |
| 22:09 | Build | Farm |
| 22:14 | Build | Farm |
| 22:14 | Create | Villager (Male) |
| 22:29 | Create | Villager (Male) |
| 22:32 | Create | Villager (Male) |
| 22:34 | Create | Villager (Male) |
| 22:37 | Create | Villager (Male) |
| 22:44 | Create | Villager (Male) |
Build order — Wchairgod
First 150 of 308 actions detected
| 0:03 | Create | Villager (Male) |
| 0:03 | Create | Villager (Male) |
| 0:03 | Create | Villager (Male) |
| 0:05 | Build | House |
| 0:08 | Build | House |
| 0:33 | Create | Villager (Male) |
| 0:33 | Create | Villager (Male) |
| 1:26 | Create | Villager (Male) |
| 1:26 | Create | Villager (Male) |
| 2:07 | Build | Lumber Camp |
| 2:16 | Create | Villager (Male) |
| 2:45 | Create | Villager (Male) |
| 3:09 | Create | Villager (Male) |
| 3:09 | Create | Villager (Male) |
| 3:39 | Create | Villager (Male) |
| 4:13 | Build | House |
| 4:17 | Build | House |
| 4:40 | Create | Villager (Male) |
| 4:43 | Create | Villager (Male) |
| 4:47 | Build | Mill |
| 4:52 | Create | Villager (Male) |
| 5:43 | Create | Villager (Male) |
| 6:35 | Create | Villager (Male) |
| 6:35 | Create | Villager (Male) |
| 7:49 | Create | Villager (Male) |
| 7:49 | Create | Villager (Male) |
| 7:49 | Create | Villager (Male) |
| 9:30 | Create | Villager (Male) |
| 9:30 | Create | Villager (Male) |
| 9:34 | Research | Feudal Age |
| 11:41 | Build | Mining Camp |
| 11:44 | Age | Feudal Age |
| 11:55 | Create | Villager (Male) |
| 11:56 | Create | Villager (Male) |
| 12:34 | Build | Mining Camp |
| 12:43 | Create | Villager (Male) |
| 13:01 | Create | Villager (Male) |
| 13:22 | Build | House |
| 13:23 | Build | House |
| 13:37 | Research | Wheelbarrow |
| 13:51 | Research | Castle Age |
| 14:07 | Research | Double-Bit Axe |
| 14:12 | Research | Horse Collar |
| 14:51 | Build | Farm |
| 14:52 | Build | Farm |
| 14:54 | Build | Farm |
| 14:57 | Build | Farm |
| 14:58 | Build | Farm |
| 15:16 | Build | Farm |
| 15:18 | Build | Farm |
| 15:31 | Build | Farm |
| 17:24 | Create | Villager (Male) |
| 17:25 | Create | Villager (Male) |
| 17:32 | Age | Castle Age |
| 18:17 | Build | Castle |
| 18:33 | Build | Town Center |
| 18:41 | Create | Villager (Male) |
| 18:42 | Create | Villager (Male) |
| 19:15 | Build | Town Center |
| 19:19 | Create | Villager (Male) |
| 19:20 | Create | Villager (Male) |
| 19:30 | Build | Farm |
| 19:32 | Build | Farm |
| 19:32 | Build | Farm |
| 19:33 | Build | Farm |
| 19:35 | Build | Farm |
| 19:41 | Create | Villager (Male) |
| 20:34 | Create | Villager (Male) |
| 20:35 | Create | Villager (Male) |
| 21:03 | Create | Villager (Male) |
| 21:04 | Create | Villager (Male) |
| 21:09 | Create | Villager (Male) |
| 21:09 | Create | Villager (Male) |
| 21:09 | Create | Villager (Male) |
| 21:10 | Create | Villager (Male) |
| 21:10 | Create | Villager (Male) |
| 21:10 | Create | Villager (Male) |
| 21:50 | Build | Farm |
| 21:51 | Build | Farm |
| 21:52 | Build | Farm |
| 21:55 | Build | Farm |
| 21:56 | Build | Farm |
| 21:59 | Build | Farm |
| 22:06 | Create | Villager (Male) |
| 22:07 | Create | Villager (Male) |
| 22:07 | Create | Villager (Male) |
| 22:07 | Create | Villager (Male) |
| 22:07 | Create | Villager (Male) |
| 22:07 | Create | Villager (Male) |
| 22:08 | Create | Villager (Male) |
| 22:08 | Create | Villager (Male) |
| 22:08 | Create | Villager (Male) |
| 22:26 | Research | Bow Saw |
| 22:42 | Build | House |
| 22:45 | Build | House |
| 23:26 | Build | Blacksmith |
| 23:54 | Build | Farm |
| 23:55 | Build | Farm |
| 23:57 | Build | Farm |
| 24:04 | Build | Farm |
| 24:09 | Create | Villager (Male) |
| 24:09 | Create | Villager (Male) |
| 24:09 | Create | Villager (Male) |
| 24:09 | Create | Villager (Male) |
| 24:10 | Create | Villager (Male) |
| 24:10 | Create | Villager (Male) |
| 24:10 | Create | Villager (Male) |
| 24:10 | Create | Villager (Male) |
| 24:24 | Build | Lumber Camp |
| 24:41 | Build | Farm |
| 25:01 | Build | Farm |
| 25:23 | Build | Castle |
| 25:36 | Build | Farm |
| 25:41 | Build | Farm |
| 25:48 | Research | Heavy Plow |
| 25:54 | Research | Imperial Age |
| 26:25 | Build | Farm |
| 26:45 | Research | Gold Mining |
| 26:50 | Build | Farm |
| 27:00 | Build | Farm |
| 27:08 | Build | Farm |
| 27:21 | Build | Farm |
| 27:28 | Create | Villager (Male) |
| 27:28 | Create | Villager (Male) |
| 27:28 | Create | Villager (Male) |
| 27:29 | Create | Villager (Male) |
| 27:30 | Create | Villager (Male) |
| 27:30 | Create | Villager (Male) |
| 27:48 | Build | Farm |
| 27:49 | Build | Farm |
| 28:03 | Research | Forging |
| 28:04 | Research | Scale Barding Armor |
| 28:13 | Research | Stone Mining |
| 28:42 | Build | Mining Camp |
| 29:04 | Age | Imperial Age |
| 29:13 | Build | Stable |
| 29:19 | Build | Stable |
| 29:25 | Research | Elite Ballista Elephant (upgrade) |
| 29:36 | Create | Ballista Elephant |
| 29:37 | Create | Ballista Elephant |
| 30:08 | Create | Ballista Elephant |
| 30:09 | Create | Ballista Elephant |
| 30:22 | Build | Stable |
| 30:24 | Build | Stable |
| 30:31 | Create | Villager (Male) |
| 30:31 | Create | Villager (Male) |
| 30:31 | Create | Villager (Male) |
| 30:32 | Create | Villager (Male) |
| 30:32 | Create | Villager (Male) |
| 30:32 | Create | Villager (Male) |
Build order — Zukomazi
First 150 of 312 actions detected
| 0:04 | Create | Villager (Male) ×4 |
| 0:10 | Build | House |
| 1:43 | Build | House |
| 1:44 | Build | House |
| 1:46 | Build | House |
| 1:48 | Build | House |
| 1:52 | Build | House |
| 1:53 | Create | Villager (Male) |
| 2:08 | Create | Villager (Male) |
| 2:41 | Create | Villager (Male) |
| 3:06 | Create | Villager (Male) |
| 3:06 | Create | Villager (Male) |
| 3:53 | Create | Villager (Male) |
| 4:18 | Create | Villager (Male) |
| 4:56 | Create | Villager (Male) |
| 5:17 | Create | Villager (Male) ×2 |
| 5:53 | Create | Villager (Male) ×2 |
| 6:23 | Create | Villager (Male) |
| 6:24 | Create | Villager (Male) |
| 6:24 | Create | Villager (Male) |
| 6:24 | Create | Villager (Male) |
| 6:24 | Create | Villager (Male) |
| 7:46 | Build | Lumber Camp |
| 8:26 | Create | Villager (Male) |
| 8:27 | Create | Villager (Male) |
| 8:44 | Build | Mill |
| 9:19 | Research | Feudal Age |
| 9:38 | Build | Mining Camp |
| 9:47 | Build | Mining Camp |
| 12:06 | Age | Feudal Age |
| 12:08 | Create | Villager (Male) |
| 12:08 | Create | Villager (Male) |
| 12:16 | Build | Market |
| 12:20 | Build | Blacksmith |
| 12:32 | Create | Villager (Male) ×5 |
| 14:20 | Research | Castle Age |
| 14:27 | Research | Horse Collar |
| 14:35 | Build | Farm |
| 14:35 | Build | Farm |
| 14:35 | Build | Farm |
| 14:36 | Build | Farm |
| 14:36 | Build | Farm |
| 14:36 | Build | Farm |
| 15:39 | Build | Farm |
| 15:40 | Build | Farm |
| 16:11 | Build | House |
| 16:13 | Build | House |
| 16:14 | Build | House |
| 16:16 | Build | House |
| 16:21 | Build | Palisade Wall |
| 17:00 | Research | Double-Bit Axe |
| 17:18 | Age | Castle Age |
| 17:24 | Build | Town Center |
| 17:47 | Create | Villager (Male) |
| 17:48 | Research | Loom |
| 17:54 | Research | Bow Saw |
| 18:08 | Create | Villager (Male) |
| 18:16 | Build | Farm |
| 18:17 | Build | Farm |
| 18:17 | Build | Farm |
| 18:17 | Build | Farm |
| 18:18 | Build | Farm |
| 18:19 | Build | Farm |
| 18:20 | Build | Farm |
| 18:28 | Build | Mill |
| 18:43 | Build | Castle |
| 18:47 | Create | Villager (Male) ×2 |
| 18:59 | Create | Villager (Male) |
| 19:19 | Research | Heavy Plow |
| 19:25 | Build | Farm |
| 19:26 | Build | Farm |
| 19:27 | Build | Farm |
| 19:31 | Create | Villager (Male) ×2 |
| 19:57 | Build | Mining Camp |
| 20:02 | Research | Gold Mining |
| 20:03 | Create | Villager (Male) |
| 20:31 | Create | Villager (Male) ×2 |
| 21:06 | Create | Villager (Male) ×5 |
| 21:22 | Build | Mill |
| 21:25 | Build | Farm |
| 21:25 | Build | Farm |
| 21:25 | Build | Farm |
| 21:26 | Build | Farm |
| 21:38 | Build | Mill |
| 21:41 | Build | Farm |
| 21:42 | Build | Farm |
| 21:43 | Build | Farm |
| 21:44 | Build | Farm |
| 21:45 | Create | Villager (Male) ×4 |
| 22:07 | Build | House |
| 22:08 | Build | House |
| 22:21 | Build | Gate |
| 22:39 | Create | Villager (Male) |
| 22:39 | Research | Wheelbarrow |
| 22:43 | Research | Town Watch |
| 22:47 | Create | Villager (Male) |
| 23:07 | Create | Villager (Male) ×2 |
| 23:12 | Build | Town Center |
| 23:23 | Create | Villager (Male) ×4 |
| 24:15 | Build | Barracks |
| 24:29 | Build | House |
| 24:30 | Build | House |
| 24:33 | Create | Villager (Male) ×5 |
| 24:33 | Create | Villager (Male) ×5 |
| 24:34 | Create | Villager (Male) |
| 25:01 | Create | Villager (Male) ×5 |
| 25:19 | Build | Barracks |
| 25:22 | Build | Barracks |
| 25:31 | Research | Pikeman (upgrade) |
| 25:31 | Research | Squires |
| 26:18 | Research | Forging |
| 26:52 | Research | Imperial Age |
| 27:13 | Create | Gbeto |
| 27:14 | Create | Gbeto |
| 27:24 | Create | Spearman ×5 |
| 27:25 | Create | Spearman ×5 |
| 27:25 | Create | Spearman |
| 27:43 | Build | Farm |
| 27:46 | Build | Farm |
| 27:48 | Build | Farm |
| 27:50 | Build | Farm |
| 27:51 | Build | Farm |
| 28:16 | Research | Scale Mail Armor |
| 28:17 | Research | Iron Casting |
| 28:29 | Build | House |
| 28:31 | Build | House |
| 28:32 | Build | House |
| 28:34 | Build | House |
| 28:36 | Build | House |
| 28:42 | Research | Arson |
| 28:43 | Create | Spearman ×5 |
| 28:43 | Create | Spearman ×3 |
| 28:54 | Create | Gbeto ×4 |
| 29:07 | Build | Lumber Camp |
| 29:09 | Create | Villager (Male) ×2 |
| 29:16 | Build | Mill |
| 29:19 | Build | Farm |
| 29:20 | Build | Farm |
| 29:20 | Build | Farm |
| 29:20 | Build | Farm |
| 29:21 | Build | Farm |
| 29:21 | Build | Farm |
| 29:26 | Create | Villager (Male) ×3 |
| 29:31 | Create | Spearman ×3 |
| 29:47 | Build | University |
| 30:16 | Age | Imperial Age |
| 30:22 | Create | Villager (Male) |
| 30:23 | Research | Hand Cart |
| 30:24 | Research | Chain Mail Armor |
| 30:27 | Create | Trebuchet (Packed) |
Build order — cArLoS
First 150 of 471 actions detected
| 0:03 | Create | Villager (Male) |
| 0:04 | Create | Villager (Male) |
| 0:04 | Create | Villager (Male) |
| 0:04 | Create | Villager (Male) |
| 0:04 | Create | Villager (Male) |
| 0:06 | Build | House |
| 0:08 | Build | House |
| 1:31 | Create | Villager (Male) |
| 2:02 | Build | Lumber Camp |
| 2:07 | Create | Villager (Male) |
| 2:07 | Create | Villager (Male) |
| 2:20 | Research | Loom |
| 2:22 | Create | Villager (Male) |
| 2:22 | Create | Villager (Male) |
| 2:55 | Create | Villager (Male) |
| 2:55 | Create | Villager (Male) |
| 3:14 | Create | Villager (Male) |
| 3:15 | Create | Villager (Male) |
| 3:54 | Build | House |
| 3:56 | Build | Mill |
| 4:02 | Create | Villager (Male) |
| 4:02 | Create | Villager (Male) |
| 4:03 | Create | Villager (Male) |
| 4:28 | Create | Villager (Male) |
| 4:29 | Create | Villager (Male) |
| 4:32 | Create | Villager (Male) |
| 4:32 | Create | Villager (Male) |
| 5:55 | Create | Villager (Male) |
| 5:55 | Create | Villager (Male) |
| 5:56 | Create | Villager (Male) |
| 5:56 | Create | Villager (Male) |
| 6:25 | Build | House |
| 6:55 | Create | Villager (Male) |
| 6:55 | Create | Villager (Male) |
| 7:12 | Create | Villager (Male) |
| 7:13 | Create | Villager (Male) |
| 7:35 | Build | Farm |
| 7:35 | Build | Farm |
| 7:35 | Build | Farm |
| 7:43 | Build | House |
| 7:48 | Build | Lumber Camp |
| 7:52 | Create | Villager (Male) |
| 8:40 | Create | Villager (Male) |
| 9:19 | Build | Mining Camp |
| 9:22 | Create | Villager (Male) |
| 9:23 | Research | Feudal Age |
| 9:58 | Build | Farm |
| 9:59 | Build | Farm |
| 10:22 | Create | Villager (Male) |
| 10:23 | Create | Villager (Male) |
| 10:50 | Build | Barracks |
| 11:07 | Build | House |
| 12:15 | Age | Feudal Age |
| 12:20 | Build | Blacksmith |
| 12:39 | Research | Double-Bit Axe |
| 12:54 | Build | Market |
| 13:35 | Research | Castle Age |
| 13:36 | Research | Castle Age |
| 14:01 | Build | Farm |
| 14:04 | Build | Farm |
| 14:21 | Build | Farm |
| 14:27 | Build | Farm |
| 14:44 | Research | Loom |
| 15:00 | Build | Farm |
| 15:01 | Build | Farm |
| 15:01 | Build | Farm |
| 15:02 | Build | Farm |
| 15:09 | Create | Villager (Male) |
| 15:10 | Create | Villager (Male) |
| 15:18 | Research | Wheelbarrow |
| 16:10 | Research | Wheelbarrow |
| 16:12 | Research | Loom |
| 16:15 | Age | Castle Age |
| 16:23 | Build | Town Center |
| 16:30 | Create | Villager (Male) |
| 16:30 | Create | Villager (Male) |
| 16:42 | Build | Town Center |
| 17:28 | Create | Villager (Male) |
| 17:37 | Build | Farm |
| 17:38 | Build | Farm |
| 17:39 | Build | Farm |
| 17:42 | Create | Villager (Male) |
| 17:43 | Create | Villager (Male) |
| 17:44 | Create | Villager (Male) |
| 17:44 | Create | Villager (Male) |
| 17:46 | Create | Villager (Male) |
| 17:47 | Create | Villager (Male) |
| 17:49 | Create | Villager (Male) |
| 18:15 | Create | Villager (Male) |
| 18:16 | Create | Villager (Male) |
| 18:25 | Build | Farm |
| 18:25 | Build | Farm |
| 18:26 | Build | Farm |
| 18:43 | Create | Villager (Male) |
| 18:44 | Create | Villager (Male) |
| 18:46 | Create | Villager (Male) |
| 18:56 | Build | University |
| 19:16 | Create | Villager (Male) |
| 19:17 | Create | Villager (Male) |
| 19:18 | Create | Villager (Male) |
| 19:18 | Create | Villager (Male) |
| 19:19 | Create | Villager (Male) |
| 19:26 | Research | Bow Saw |
| 19:27 | Research | Bow Saw |
| 19:30 | Create | Villager (Male) ×5 |
| 19:46 | Build | House |
| 19:46 | Build | House |
| 19:46 | Build | House |
| 19:46 | Build | House |
| 19:47 | Build | House |
| 19:47 | Build | House |
| 19:49 | Build | House |
| 19:49 | Build | House |
| 19:50 | Build | House |
| 19:50 | Build | House |
| 19:54 | Research | Fortified Wall (upgrade) |
| 20:23 | Build | Mining Camp |
| 20:36 | Build | Mining Camp |
| 20:38 | Research | Gold Mining |
| 20:39 | Research | Stone Mining |
| 20:45 | Create | Villager (Male) ×2 |
| 21:07 | Create | Villager (Male) |
| 21:08 | Create | Villager (Male) |
| 21:09 | Create | Villager (Male) |
| 21:26 | Build | Mill |
| 21:27 | Build | Farm |
| 21:28 | Build | Farm |
| 21:28 | Build | Farm |
| 21:28 | Build | Farm |
| 21:29 | Build | Farm |
| 21:29 | Build | Farm |
| 21:29 | Build | Farm |
| 21:33 | Create | Villager (Male) ×2 |
| 21:58 | Create | Villager (Male) ×3 |
| 22:40 | Create | Villager (Male) ×5 |
| 22:47 | Build | Farm |
| 23:11 | Build | Outpost |
| 23:16 | Create | Villager (Male) ×4 |
| 23:21 | Build | House |
| 23:21 | Build | House |
| 23:22 | Build | House |
| 23:22 | Build | House |
| 23:22 | Build | House |
| 23:22 | Build | House |
| 23:23 | Build | House |
| 23:23 | Build | House |
| 23:35 | Build | Siege Workshop |
| 23:47 | Build | Farm |
| 23:47 | Build | Farm |
| 23:47 | Build | Farm |
Build order — THE_LORD
First 150 of 505 actions detected
| 0:04 | Create | Villager (Male) |
| 0:04 | Create | Villager (Male) |
| 0:05 | Create | Villager (Male) |
| 0:05 | Create | Villager (Male) |
| 0:06 | Build | House |
| 0:08 | Build | House |
| 1:34 | Create | Villager (Male) |
| 1:53 | Create | Villager (Male) |
| 2:30 | Create | Villager (Male) |
| 3:02 | Create | Villager (Male) |
| 3:05 | Create | Villager (Male) |
| 3:30 | Build | House |
| 3:44 | Create | Villager (Male) |
| 4:09 | Build | Mill |
| 4:28 | Create | Villager (Male) |
| 4:41 | Create | Villager (Male) |
| 5:18 | Create | Villager (Male) |
| 5:18 | Create | Villager (Male) |
| 5:21 | Build | House |
| 5:22 | Build | House |
| 5:57 | Create | Villager (Male) |
| 5:57 | Create | Villager (Male) |
| 5:57 | Create | Villager (Male) |
| 6:05 | Build | Lumber Camp |
| 7:01 | Create | Villager (Male) |
| 7:08 | Create | Villager (Male) |
| 7:53 | Create | Villager (Male) |
| 8:01 | Create | Villager (Male) |
| 8:38 | Build | Mill |
| 8:50 | Create | Villager (Male) |
| 8:53 | Build | Mining Camp |
| 9:19 | Create | Villager (Male) |
| 10:01 | Research | Feudal Age |
| 10:34 | Build | Mining Camp |
| 10:50 | Build | Farm |
| 10:51 | Build | Farm |
| 10:52 | Build | Farm |
| 11:01 | Build | Farm |
| 11:03 | Build | Farm |
| 11:07 | Build | Farm |
| 11:11 | Build | Farm |
| 11:20 | Build | Farm |
| 11:45 | Create | Villager (Male) |
| 11:45 | Create | Villager (Male) |
| 12:11 | Age | Feudal Age |
| 12:25 | Create | Villager (Male) |
| 12:57 | Build | Market |
| 13:07 | Build | Blacksmith |
| 13:12 | Build | House |
| 13:15 | Create | Villager (Male) |
| 13:15 | Create | Villager (Male) |
| 14:04 | Build | Farm |
| 14:07 | Build | Farm |
| 14:10 | Build | Farm |
| 14:14 | Create | Villager (Male) |
| 14:15 | Create | Villager (Male) |
| 14:17 | Build | House |
| 14:51 | Build | House |
| 14:52 | Build | House |
| 14:56 | Create | Villager (Male) |
| 15:31 | Create | Villager (Male) |
| 15:42 | Build | House |
| 15:44 | Build | House |
| 15:58 | Research | Castle Age |
| 16:32 | Build | Barracks |
| 16:54 | Research | Double-Bit Axe |
| 16:56 | Research | Horse Collar |
| 17:01 | Research | Gold Mining |
| 17:08 | Research | Stone Mining |
| 17:25 | Build | Gate |
| 17:39 | Build | Stone Wall |
| 17:47 | Build | Stone Wall |
| 18:38 | Age | Castle Age |
| 18:50 | Build | Castle |
| 19:03 | Create | Villager (Male) |
| 19:08 | Create | Villager (Male) |
| 19:08 | Create | Villager (Male) |
| 19:08 | Create | Villager (Male) |
| 19:10 | Build | Town Center |
| 19:19 | Research | Bow Saw |
| 19:27 | Create | Villager (Male) |
| 20:21 | Create | Conquistador |
| 20:32 | Create | Villager (Male) |
| 20:37 | Create | Villager (Male) |
| 20:37 | Create | Villager (Male) |
| 20:45 | Build | Monastery |
| 21:03 | Build | Monastery |
| 21:13 | Create | Villager (Male) |
| 21:14 | Create | Villager (Male) |
| 21:15 | Create | Villager (Male) |
| 21:17 | Create | Villager (Male) |
| 21:17 | Create | Villager (Male) |
| 21:21 | Create | Conquistador |
| 21:43 | Build | Farm |
| 21:46 | Create | Missionary |
| 22:10 | Create | Conquistador |
| 22:19 | Create | Villager (Male) |
| 22:20 | Create | Villager (Male) |
| 22:26 | Build | Farm |
| 22:26 | Build | Farm |
| 22:27 | Build | Farm |
| 22:28 | Build | Farm |
| 22:36 | Build | Farm |
| 22:37 | Build | Farm |
| 22:38 | Build | Farm |
| 22:39 | Build | Farm |
| 22:42 | Build | Farm |
| 22:51 | Create | Villager (Male) |
| 22:51 | Create | Villager (Male) |
| 22:52 | Create | Conquistador |
| 23:23 | Create | Conquistador |
| 23:39 | Create | Missionary |
| 24:04 | Build | Siege Workshop |
| 24:09 | Research | Wheelbarrow |
| 24:10 | Research | Loom |
| 24:14 | Create | Villager (Male) |
| 24:15 | Create | Villager (Male) |
| 24:18 | Create | Villager (Male) |
| 24:18 | Create | Villager (Male) |
| 24:32 | Research | Heavy Plow |
| 25:06 | Create | Conquistador |
| 25:10 | Create | Mangonel |
| 25:48 | Build | House |
| 25:48 | Build | House |
| 25:51 | Create | Mangonel |
| 25:53 | Create | Villager (Male) |
| 25:53 | Create | Villager (Male) |
| 25:54 | Create | Villager (Male) |
| 25:57 | Create | Villager (Male) |
| 26:02 | Create | Villager (Male) |
| 26:02 | Create | Villager (Male) |
| 26:02 | Create | Villager (Male) |
| 26:49 | Create | Mangonel |
| 26:55 | Build | Mining Camp |
| 27:28 | Build | Town Center |
| 27:32 | Research | Hand Cart |
| 27:32 | Research | Town Watch |
| 27:40 | Create | Villager (Male) |
| 27:40 | Create | Villager (Male) |
| 27:41 | Create | Villager (Male) |
| 27:42 | Create | Villager (Male) |
| 27:42 | Create | Villager (Male) |
| 27:43 | Create | Villager (Male) |
| 27:44 | Create | Villager (Male) |
| 27:46 | Build | Farm |
| 28:04 | Create | Petard |
| 28:04 | Create | Petard |
| 28:05 | Create | Petard |
| 28:22 | Create | Battering Ram |
| 28:25 | Create | Battering Ram |
Build order — hghyarrof
First 150 of 642 actions detected
| 0:02 | Build | House |
| 0:04 | Build | House |
| 0:04 | Create | Villager (Male) ×4 |
| 0:05 | Create | Villager (Male) ×4 |
| 1:27 | Create | Villager (Male) |
| 1:27 | Create | Villager (Male) |
| 1:57 | Build | Lumber Camp |
| 2:01 | Create | Villager (Male) |
| 2:02 | Create | Villager (Male) |
| 2:26 | Create | Villager (Male) |
| 2:26 | Create | Villager (Male) |
| 2:56 | Create | Villager (Male) |
| 3:01 | Create | Villager (Male) |
| 3:02 | Create | Villager (Male) |
| 3:27 | Build | House |
| 3:28 | Build | House |
| 3:41 | Create | Villager (Male) |
| 3:42 | Create | Villager (Male) |
| 4:08 | Create | Villager (Male) |
| 4:08 | Create | Villager (Male) |
| 4:21 | Build | Mill |
| 4:47 | Create | Villager (Male) |
| 4:47 | Create | Villager (Male) |
| 4:54 | Create | Villager (Male) |
| 4:54 | Create | Villager (Male) |
| 5:19 | Create | Villager (Male) |
| 5:20 | Create | Villager (Male) |
| 5:26 | Create | Villager (Male) |
| 6:01 | Create | Villager (Male) |
| 6:01 | Create | Villager (Male) |
| 6:21 | Create | Villager (Male) |
| 6:32 | Create | Villager (Male) |
| 6:32 | Create | Villager (Male) |
| 6:39 | Create | Villager (Male) |
| 6:39 | Create | Villager (Male) |
| 7:00 | Create | Villager (Male) |
| 7:12 | Create | Villager (Male) |
| 7:20 | Build | House |
| 7:29 | Create | Villager (Male) |
| 7:29 | Create | Villager (Male) |
| 7:42 | Create | Villager (Male) |
| 8:10 | Create | Villager (Male) |
| 8:10 | Create | Villager (Male) |
| 8:27 | Create | Villager (Male) |
| 9:06 | Create | Villager (Male) |
| 9:06 | Create | Villager (Male) |
| 9:12 | Create | Villager (Male) |
| 9:12 | Create | Villager (Male) |
| 9:25 | Build | Mining Camp |
| 9:26 | Create | Villager (Male) |
| 9:56 | Build | Mining Camp |
| 10:06 | Research | Loom |
| 10:09 | Create | Villager (Male) |
| 10:16 | Research | Loom |
| 10:17 | Research | Feudal Age |
| 10:24 | Research | Loom |
| 10:29 | Build | House |
| 11:32 | Build | Mill |
| 12:13 | Build | Mill |
| 12:15 | Build | Mill |
| 12:47 | Age | Feudal Age |
| 12:53 | Build | Market |
| 12:55 | Build | Blacksmith |
| 13:05 | Create | Villager (Male) |
| 13:05 | Create | Villager (Male) |
| 13:51 | Research | Castle Age |
| 13:51 | Research | Castle Age |
| 14:00 | Research | Double-Bit Axe |
| 14:04 | Research | Gold Mining |
| 14:15 | Research | Horse Collar |
| 14:41 | Build | House |
| 14:45 | Build | Farm |
| 14:45 | Build | Farm |
| 14:48 | Build | Farm |
| 14:48 | Build | Farm |
| 14:49 | Build | Farm |
| 14:49 | Build | Farm |
| 14:49 | Build | Farm |
| 14:49 | Build | Farm |
| 14:50 | Build | Farm |
| 14:50 | Build | Farm |
| 14:50 | Build | Farm |
| 14:50 | Build | Farm |
| 15:11 | Build | Farm |
| 15:20 | Build | Farm |
| 15:38 | Research | Fletching |
| 15:43 | Create | Villager (Male) |
| 15:44 | Create | Villager (Male) |
| 15:45 | Create | Villager (Male) |
| 16:14 | Research | Padded Archer Armor |
| 16:18 | Create | Villager (Male) |
| 16:18 | Create | Villager (Male) |
| 16:42 | Age | Castle Age |
| 16:54 | Build | Castle |
| 17:18 | Create | Villager (Male) |
| 17:18 | Create | Villager (Male) |
| 17:24 | Create | Villager (Male) |
| 17:31 | Build | University |
| 17:38 | Build | Stone Wall |
| 17:45 | Create | Villager (Male) |
| 17:45 | Create | Villager (Male) |
| 17:54 | Create | Villager (Male) |
| 17:54 | Create | Villager (Male) |
| 17:55 | Create | Villager (Male) |
| 18:19 | Create | Villager (Male) |
| 18:43 | Create | Genoese Crossbowman ×4 |
| 18:47 | Create | Villager (Male) |
| 18:47 | Create | Villager (Male) |
| 18:47 | Create | Villager (Male) |
| 19:14 | Build | Town Center |
| 19:22 | Create | Genoese Crossbowman |
| 19:28 | Create | Villager (Male) |
| 19:28 | Create | Villager (Male) |
| 19:28 | Create | Villager (Male) |
| 20:34 | Build | Town Center |
| 20:35 | Create | Villager (Male) |
| 20:36 | Create | Villager (Male) |
| 20:38 | Create | Villager (Male) ×4 |
| 20:56 | Build | Farm |
| 21:07 | Build | Farm |
| 21:12 | Build | Farm |
| 21:18 | Build | Farm |
| 21:47 | Research | Bow Saw |
| 22:05 | Create | Villager (Male) |
| 22:05 | Create | Villager (Male) |
| 22:08 | Create | Villager (Male) |
| 22:09 | Create | Villager (Male) |
| 22:10 | Create | Villager (Male) |
| 22:10 | Create | Villager (Male) |
| 22:20 | Build | Farm |
| 22:21 | Build | Farm |
| 22:21 | Build | Farm |
| 22:21 | Build | Farm |
| 22:21 | Build | Farm |
| 22:21 | Build | Farm |
| 22:58 | Build | Farm |
| 23:56 | Research | Imperial Age |
| 23:56 | Research | Imperial Age |
| 23:59 | Create | Villager (Male) |
| 24:00 | Create | Villager (Male) |
| 24:00 | Create | Villager (Male) |
| 24:04 | Create | Villager (Male) |
| 24:33 | Research | Ballistics |
| 24:33 | Research | Ballistics |
| 24:40 | Build | Barracks |
| 24:41 | Build | Barracks |
| 24:43 | Create | Villager (Male) |
| 24:44 | Create | Villager (Male) |
| 24:44 | Create | Villager (Male) |
| 24:44 | Create | Villager (Male) |
Match timeline
| 10:50 | cArLoS · first_building Barracks |
| 10:55 | _StuNNa_ · age_up feudal |
| 11:44 | Wchairgod · age_up feudal |
| 12:06 | Zukomazi · age_up feudal |
| 12:07 | Лагер · age_up feudal |
| 12:11 | THE_LORD · age_up feudal |
| 12:15 | cArLoS · age_up feudal |
| 12:47 | hghyarrof · age_up feudal |
| 13:33 | Лагер · first_market_sell 100 stone |
| 14:07 | _StuNNa_ · age_up castle |
| 14:28 | _StuNNa_ · first_building Monastery |
| 15:22 | THE_LORD · first_market_sell 100 stone |
| 15:23 | THE_LORD · first_market_buy 100 food |
| 16:15 | cArLoS · age_up castle |
| 16:21 | Zukomazi · wall_segment Palisade Wall x1 |
| 16:23 | Лагер · age_up castle |
| 16:32 | THE_LORD · first_building Barracks |
| 16:42 | hghyarrof · age_up castle |
| 16:44 | hghyarrof · first_market_sell 100 wood |
| 16:46 | hghyarrof · first_market_buy 100 stone |
| 16:54 | hghyarrof · first_building Castle |
| 17:18 | Zukomazi · age_up castle |
| 17:32 | Wchairgod · age_up castle |
| 17:34 | cArLoS · first_market_buy 100 wood |
| 17:38 | hghyarrof · wall_segment Stone Wall x1 |
| 17:39 | THE_LORD · wall_segment Stone Wall x9 |
| 17:47 | THE_LORD · wall_segment Stone Wall x6 |
| 18:17 | Wchairgod · first_building Castle |
| 18:27 | GENERAL STORM · first_market_buy 100 food |
| 18:38 | THE_LORD · age_up castle |
| 18:43 | Zukomazi · first_building Castle |
| 18:50 | THE_LORD · first_building Castle |
| 19:16 | Zukomazi · first_market_buy 500 food |
| 19:21 | Лагер · first_market_buy 100 food |
| 19:31 | _StuNNa_ · first_building Barracks |
| 19:35 | GENERAL STORM · first_building Monastery |
| 19:36 | _StuNNa_ · first_building Stable |
| 20:45 | THE_LORD · first_building Monastery |
| 23:19 | Zukomazi · first_market_sell 500 stone |
| 23:35 | cArLoS · first_building Siege Workshop |
| 23:35 | Лагер · first_building Barracks |
| 23:47 | Лагер · first_building Castle |
| 24:04 | THE_LORD · first_building Siege Workshop |
| 24:15 | Zukomazi · first_building Barracks |
| 24:24 | Лагер · first_building Monastery |
| 24:40 | hghyarrof · first_building Barracks |
| 25:01 | Лагер · first_building Archery Range |
| 25:22 | cArLoS · first_building Castle |
| 25:38 | _StuNNa_ · first_building Castle |
| 25:53 | Лагер · first_building Stable |
| 27:06 | hghyarrof · age_up imperial |
| 27:42 | cArLoS · first_building Stable |
| 27:54 | hghyarrof · first_building Siege Workshop |
| 28:20 | GENERAL STORM · first_building Castle |
| 28:42 | GENERAL STORM · first_building Barracks |
| 28:58 | cArLoS · age_up imperial |
| 29:04 | Wchairgod · age_up imperial |
| 29:13 | Wchairgod · first_building Stable |
| 29:30 | GENERAL STORM · first_building Siege Workshop |
| 29:38 | GENERAL STORM · first_building Stable |
| 30:16 | Zukomazi · age_up imperial |
| 30:50 | _StuNNa_ · age_up imperial |
| 31:30 | THE_LORD · first_building Archery Range |
| 31:45 | Zukomazi · first_building Siege Workshop |
| 32:26 | Лагер · first_building Siege Workshop |
| 32:47 | cArLoS · first_market_sell 100 food |
| 32:47 | Zukomazi · tribute_sent a jugador 1 |
| 32:47 | Zukomazi · tribute_sent a jugador 2 |
| 32:47 | Zukomazi · tribute_sent a jugador 3 |
| 32:47 | Zukomazi · tribute_sent a jugador 5 |
| 32:47 | Zukomazi · tribute_sent a jugador 6 |
| 32:47 | Zukomazi · tribute_sent a jugador 7 |
| 32:47 | Zukomazi · tribute_sent a jugador 8 |
| 34:40 | THE_LORD · first_building Stable |
| 36:43 | _StuNNa_ · first_market_buy 500 food |
| 37:30 | Лагер · wall_segment Stone Wall x20 |
| 37:31 | Лагер · wall_segment Stone Wall x5 |
| 38:11 | Zukomazi · wall_segment Stone Wall x7 |
| 38:19 | Лагер · age_up imperial |
| 40:31 | GENERAL STORM · first_building Archery Range |
| 40:52 | THE_LORD · age_up imperial |
| 43:31 | hghyarrof · first_building Archery Range |
| 43:33 | Wchairgod · first_building Monastery |
| 43:51 | Zukomazi · wall_segment Stone Wall x28 |
| 44:27 | GENERAL STORM · first_market_sell 100 wood |
| 44:34 | hghyarrof · first_building Monastery |
| 46:58 | Zukomazi · wall_segment Stone Wall x1 |
| 47:00 | Zukomazi · wall_segment Stone Wall x13 |
| 48:12 | Zukomazi · tribute_sent a jugador 1 |
| 48:12 | Zukomazi · tribute_sent a jugador 2 |
| 48:12 | Zukomazi · tribute_sent a jugador 3 |
| 48:12 | Zukomazi · tribute_sent a jugador 5 |
| 48:12 | Zukomazi · tribute_sent a jugador 6 |
| 48:12 | Zukomazi · tribute_sent a jugador 7 |
| 48:12 | Zukomazi · tribute_sent a jugador 8 |
| 51:33 | hghyarrof · wall_segment Stone Wall x1 |
| 52:30 | cArLoS · tribute_sent a jugador 1 |
| 52:30 | cArLoS · tribute_sent a jugador 2 |
| 52:30 | cArLoS · tribute_sent a jugador 3 |
| 52:30 | cArLoS · tribute_sent a jugador 4 |
| 52:30 | cArLoS · tribute_sent a jugador 6 |
| 52:30 | cArLoS · tribute_sent a jugador 7 |
| 52:30 | cArLoS · tribute_sent a jugador 8 |
| 52:42 | cArLoS · wall_segment Stone Wall x14 |
| 54:01 | GENERAL STORM · resign |
[ AI ANALYSIS · 1 CREDIT ]
What really happened in this match?
Wolo.gg analyzes every decision: build order, eco, micro, common mistakes by bracket. Personalized analysis on WhatsApp or Discord in 30 seconds.
Civ guide
Bengalis
Perfil
Jugador #3491033